 Dungeon Crawl Stone Soup version 0.31-a0-1101-g9ad1905 (webtiles) character file.

Game seed: 4514103207934292319

1396 Doldom the Gouger (level 8, -6/34 HPs)
             Began as a Felid Berserker on Nov 30, 2023.
             Was a Believer of Trog.
             Killed by divine providence
             ... invoked by an orc priest
              (17 damage)
             ... on level 6 of the Dungeon on Dec 1, 2023.
             The game lasted 00:19:56 (5483 turns).

Doldom the Gouger (Felid Berserker)                 Turns: 5483, Time: 00:19:57

Health: -6/34      AC:  2    Str: 19    XL:     8   Next: 41%
Magic:  9/9        EV: 19    Int:  8    God:    Trog [**....]
Gold:   283        SH:  0    Dex: 18    Spells: 7/7 levels left
                                        Lives:  0   Deaths: 2

rFire   . .          .
                       - Unarmed
rCold   . . .        (shield unavailable)
rNeg    . . .        (body armour unavailable)
rPois   .            (helmet unavailable)
rElec   .            (cloak unavailable)
rCorr   .            (gloves unavailable)
SInv    +            (boots unavailable)
Will    ++...        (no amulet)
Stlth   ++           b - +6 ring of strength
HPRegen 0.25/turn    i - ring of willpower
MPRegen 0.11/turn

%: no passive effects
@: beast-form, quick
A: beast (slay +3), very small, claws 1, fangs 3, see invisible, speed 1, shaggy
fur 2, stealthy paws, no weapons or thrown items, no armour, multi-lived
a: Begin Untransformation, Renounce Religion, Berserk, Trog's Hand


You were on level 6 of the Dungeon.
You worshipped Trog.
Trog was pleased with you.
You were a hulking beast.
You visited 2 branches of the dungeon, and saw 7 of its levels.

You collected 283 gold pieces.

Inventory:

Jewellery
 b - a +6 ring of strength (left paw)
 i - a ring of willpower (right paw)
 m - a +6 ring of intelligence
 y - a ring of fire
Talismans
 l - a beast talisman (active)
 o - a serpent talisman
Wands
 t - a wand of polymorph (3)
Scrolls
 c - a scroll of fog {unknown}
 d - 2 scrolls of amnesia
 h - a scroll of enchant weapon {unknown}
 k - a scroll of identify {unknown}
 p - a scroll of immolation {unknown}
 u - a scroll of fear {unknown}
 v - a scroll of vulnerability {unknown}
 w - a scroll of blinking {unknown}
 z - a scroll of teleportation {unknown}
Potions
 a - 2 potions of ambrosia {unknown}
 e - a potion of enlightenment {unknown}
 f - 5 potions of curing {unknown}
 j - 2 potions of attraction {unknown}
 n - a potion of degeneration {unknown}
 r - a potion of might {unknown}
 s - 3 potions of magic {unknown}
 x - a potion of berserk rage {unknown}


   Skills:
 - Level 3.0 Fighting
 - Level 4.0 Dodging
 - Level 3.0 Stealth
 - Level 9.0 Unarmed Combat
 + Level 5.5 Shapeshifting


You had 7 spell levels left.
You didn't know any spells.
Your spell library was empty.

Dungeon Overview and Level Annotations

Branches:
Dungeon (6/15)             Temple (1/1) D:4

Altars:
Ashenzari
Cheibriados
Dithmenos
Elyvilon
Gozag
Kikubaaqudgha
Qazlal
Ru
Trog
Vehumet
Wu Jian
Xom
Yredelemnul
Zin
The Shining One

Shops:
D:1 !   D:5 :

Annotations:
D:6 Pikel
Temple 4 transporters


Innate Abilities, Weirdness & Mutations

You are a hulking beast.
Your limbs bulge with bestial killing power. (Slay +3)
You have sharp claws.
You have razor-sharp teeth.
You have supernaturally acute eyesight. (SInv)
You cover ground quickly. (Speed+)
You are covered in thick fur. (AC +2)
Your paws help you pounce on unaware monsters.
You are incapable of wielding weapons or throwing items.
You cannot wear armour.
You gain extra lives every three experience levels.


Message History

Pikel waves his whip at you.
An orc priest comes into view. It is wielding a +0 club.
An orc comes into view. It is wielding a +0 hand axe.
The orc shouts!
You scratch the lemure. Your bite misses the lemure.
The lemure is almost dead.
The orc misses you. The lemure hits you but does no damage.
You scratch the lemure.
The lemure is almost dead.
You miss the lemure. Your bite misses the lemure.
The lemure is almost dead.
The orc misses you. The lemure hits you!
The orc throws a boomerang.
The boomerang misses you.
Okay, then.
You miss the lemure.
The lemure is almost dead.
The orc hits you from afar with a +0 trident.
The lemure completely misses you.
The orc throws a boomerang.
The boomerang misses you.
The air fills with toxic fumes!
As you read the scroll of poison, it crumbles to dust.
The orc misses you.
The orc throws a boomerang.
The boomerang closely misses you. The lemure misses you.
The orc priest shouts!
You claw the lemure!
You kill the lemure!
That felt strangely unrewarding.
An orc comes into view. It is wielding a +0 flail.
The orc priest calls down the wrath of Beogh upon you.
Beogh smites you! The orc closely misses you.
You barely miss the lemure. You bite the lemure!
The lemure is moderately wounded.
The orc completely misses you. The lemure hits you.
* * * LOW HITPOINT WARNING * * *
You scratch the lemure but do no damage.
The lemure is moderately wounded.
The orc priest calls down the wrath of Beogh upon you.
Beogh smites you!
Ouch! That really hurt!
You die...

....K.......###..##
.###......o.....##. ...§....##
#....§...#..... ...§§....
#.#§§#..##.... ...§§§...
#.§§§..###.... ...§§§§..
#§§§§...5..5.. ...§§§§§##
#§§§§§.##.....#
...§§§§§g###o§§§§§.......##
...§§§§§o§h5§.§§§§.......##
§§§#§§§##K§§§§#..#.....#
.....#§§o###§§§§§..#......
.##....#§§§.##.§§§§.##..÷...
......o§§§#.##..§§§......##. #
##....§o§§##..##..§§.......#.
#.###...#§§#§§###..#...§.........
....#..##§§#§§#..................
........#.................####...


You could see Pikel, a lemure, an orc priest, a gnoll and 4 orcs.

Vanquished Creatures
  Sigmund (D:3)
  A steam dragon (D:6)
  Duvessa (D:5)
  An ice beast (D:5)
  2 black bears (D:6)
  An ogre (D:5)
  3 lemures (D:6)
  Blork the orc (D:5)
  A gnoll sergeant (D:6)
  2 scorpions (D:4)
  Dowan (D:5)
  A hound (D:5)
  A jelly (D:5)
  2 sleepcaps (D:5)
  An iguana (D:6)
  6 gnolls
  8 adders (D:4)
  A white imp (D:6)
  2 worms
  A dart slug (D:1)
  7 orcs
  9 ball pythons
  7 endoplasms
  3 giant cockroaches
  3 hobgoblins
  2 quokkas
  4 bats
  5 frilled lizards
  5 goblins
  5 kobolds (D:2)
  9 rats
97 creatures vanquished.

Notes
Turn   | Place    | Note
-------+----------+-------------------------------------------
     0 | D:1      | Doldom the Felid Berserker began the quest for the Orb.
     0 | D:1      | Reached XP level 1. HP: 10/10 MP: 2/2
   158 | D:1      | Found Diogoont's Distillery.
   271 | D:1      | Reached XP level 2. HP: 14/14 MP: 3/3
   453 | D:1      | You fall into a shaft and drop 1 floor!
   611 | D:2      | Reached skill level 4 in Unarmed Combat
   887 | D:1      | Reached XP level 3. HP: 17/17 MP: 4/4
  1605 | D:2      | Reached skill level 1 in Stealth
  1607 | D:2      | Reached ** piety under Trog
  1932 | D:3      | Noticed Sigmund
  1943 | D:3      | Killed Sigmund
  1944 | D:3      | Reached skill level 5 in Unarmed Combat
  1944 | D:3      | Reached XP level 4. HP: 18/21 MP: 5/5
  1944 | D:3      | Reached XP level 5. HP: 21/24 MP: 6/6
  2395 | D:4      | Reached skill level 6 in Unarmed Combat
  2589 | D:4      | Gained mutation: You are covered in thick fur. (AC +2)
                  | [Felid growth]
  2589 | D:4      | Reached XP level 6. HP: 25/28 MP: 7/7
  3024 | D:4      | Found a staircase to the Ecumenical Temple.
  3032 | Temple   | Found a transporter.
  3032 | Temple   | Found a transporter.
  3032 | Temple   | Found a transporter.
  3032 | Temple   | Found a transporter.
  3032 | Temple   | Entered the Ecumenical Temple
  3144 | D:4      | Reached skill level 1 in Shapeshifting
  3434 | D:5      | Entered Level 5 of the Dungeon
  3456 | D:5      | Reached skill level 7 in Unarmed Combat
  3563 | D:5      | Found Taedimp's Book Emporium.
  3633 | D:5      | Found an opulent altar of Gozag.
  3704 | D:5      | Noticed Duvessa
  3729 | D:5      | Noticed Dowan
  3743 | D:5      | Killed Dowan
  3744 | D:5      | Reached XP level 7. HP: 31/31 MP: 8/8
  3750 | D:5      | Killed Duvessa
  4081 | D:5      | Reached skill level 8 in Unarmed Combat
  4284 | D:5      | Noticed Blork the orc
  4292 | D:5      | Killed Blork the orc
  4960 | D:5      | Found a bloodstained altar of Trog.
  5137 | D:6      | Reached XP level 8. HP: 34/34 MP: 9/9
  5202 | D:6      | HP: 1/51 [gnoll sergeant/+0 spear (13)]
  5337 | D:6      | Noticed Pikel
  5367 | D:6      | Mangled by Pikel
  5418 | D:6      | Engulfed by a cloud of steam
  5419 | D:6      | Reached skill level 9 in Unarmed Combat
  5421 | D:6      | Upgraded the game from 0.31-a0-1098-g6898e65 to
                  | 0.31-a0-1101-g9ad1905
  5444 | D:6      | Reached skill level 5 in Shapeshifting
  5483 | D:6      | Killed from afar by an orc priest

Illustrated notes

Levels and vault maps discovered:
D:1:      dpeg_arrival_ratfight, layout_basic, serial_shops,
          nicolae_shop_window_shopping
D:2:      layout_loops_corners
D:3:      layout_loops_ring, uniq_sigmund
D:4:      layout_loops_cross, minmay_temple_entry_overgrown, nicolae_half_adder
D:5:      nicolae_cairo_tiling_very_big, layout_layer_cave,
          mainiacjoe_overflow_chevrons, trog_book, serial_shops,
          nicolae_diamond_shop, uniq_blork_the_orc, uniq_duvessa
D:6:      layout_cave_pools, mainiacjoe_overflow_cross_hatched,
          serial_gnoll_camp, gnoll_camp_mini_shop, gnoll_camp_mini_hut,
          grums_kennel, gnoll_camp_mini_doghouse, uniq_pikel
Temple:   hellmonk_temple_divided_pantheon

Skill      XL: |  1  2  3  4  5  6  7  8 |
---------------+-------------------------+-----
Unarmed Combat | 4 5 6 7 8 9 |  9.0
Stealth        | 3 |  3.0
Shapeshifting  | 2 3 5 |  5.5
Fighting       | |  3.0
Dodging        | |  4.0

Action                     |  1- 3 |  4- 6 |  7- 9 || total
---------------------------+-------+-------+-------++-------
  Melee: Unarmed           |    96 |    88 |    75 ||   259
         Bite              |     7 |    15 |     9 ||    31
         Punch             |     3 |     6 |     2 ||    11
 Invoke: Berserk           |     1 |     2 |     7 ||    10
         Trog's Hand       |       |       |     1 ||     1
  Evoke: Wand              |       |       |     1 ||     1
    Use: Scroll            |       |     1 |     5 ||     6
   Stab: Sleeping          |     5 |     2 |       ||     7
         Distracted        |       |     1 |       ||     1
 Armour: Skin              |    20 |    15 |    45 ||    80
  Dodge: Dodged            |    65 |    56 |    46 ||   167
   Form: Beast             |       |     1 |       ||     1

Table legend: (Time is in decaauts)
 A = Elapsed time spent in this place.
 B = Non-inter-level travel time spent in this place.
 C = Inter-level travel time spent in this place.
 D = Time resting spent in this place.
 E = Time spent auto-exploring this place.
 F = Levels seen in this place.
 G = Mean time per level.
                   A        B        C        D        E       F      G
               +--------+--------+--------+--------+--------+-----+--------+
         Total |   4771 |   4685 |     86 |   1027 |   2818 |   7 |  681.6 |
       Dungeon |   4743 |   4658 |     85 |   1027 |   2818 |   6 |  790.5 |
        Temple |     27 |     27 |      0 |      0 |      0 |   1 |   27.0 |
               +--------+--------+--------+--------+--------+-----+--------+

Top non-repeatable levels by time:
     D:5: 1418 daAuts
     D:4: 895 daAuts
     D:2: 741 daAuts
     D:1: 663 daAuts
     D:3: 572 daAuts
     D:6: 453 daAuts
  Temple: 27 daAuts
